Map: Dusk Towers

Players

EndOfLine

  • Race: Zerg Zerg
  • League: Master

MCanning - Winner!

  • Race: Protoss Protoss
  • League: Grandmaster

VOD

Have the link to the VOD?

Description

Time

  • Played on: Feb. 15, 2016, 2:09 a.m.
  • Length: 12:25
Show
View Real Time Build Order
Export as new Build Order

EndOfLine Zerg 

Build Orders: Hatch First, Lurkers 

Get SALT Encoding   

  12  0:01  Drone  
  13  0:12  Overlord  
  13  0:17  Drone  
  14  0:22  Extractor  
  14  0:23  Drone  
  15  0:31  Drone  
  15  0:34  Drone  
  17  0:56  Hatchery  
  16  0:58  Drone x2  
  18  1:12  Extractor  
  18  1:14  Spawning Pool  
  18  1:17  Drone  
  17  1:20  Drone  
  18  1:29  Drone  
  19  1:40  Drone  
  20  2:00  Queen  
  22  2:07  Queen  
  25  2:08  Zergling x4  
  25  2:10  Overlord  
  25  2:12  Drone  
  27  2:18  Metabolic Boost  
  27  2:19  Drone  
  28  2:23  Evolution Chamber  
  27  2:35  Drone x3  
  30  2:42  Overlord  
  30  2:47  Zergling x2  
  30  2:51  Zergling x2  
  32  2:55  Zergling x2  
  33  3:11  Zergling x6  
  33  3:12  Drone x3  
  39  3:17  Drone x2  
  39  3:18  Drone  
  42  3:23  Lair  
  42  3:24  Overlord  
  42  3:32  Drone x2  
  44  3:42  Spore Crawler  
  44  3:43  Spore Crawler  
  44  3:44  Drone  
  44  3:46  Drone x3  
  46  3:50  Drone x2  
  45  4:16  Overlord x3  
  43  4:21  Extractor  
  43  4:22  Extractor  
  42  4:24  Drone x3, Extractor  
  42  4:30  Drone  
  44  4:36  Hatchery  
  43  4:39  Drone x2  
  43  4:40  Drone x4  
  48  4:50  Hydralisk Den  
  47  4:57  Drone  
  47  4:58  Drone x4  
  52  5:03  Overlord  
  52  5:23  Hydralisk x4  
  52  5:24  Hydralisk x5  
  70  5:31  Muscular Augments  
  70  5:33  Overlord  
  70  5:34  Zergling x2  
  71  5:38  Zergling x2  
  71  5:39  Zergling x2  
  70  5:48  Drone x3  
  73  5:57  Zergling x8  
  73  5:58  Zergling x4  
  73  6:03  Drone  
  80  6:05  Evolution Chamber  
  80  6:07  Drone  
  80  6:08  Queen  
  82  6:12  Spore Crawler  
  82  6:14  Drone x3  
  82  6:15  Drone  
  85  6:21  Overlord  
  85  6:24  Drone  
  85  6:26  Drone  
  86  6:33  Drone x3  
  86  6:34  Overlord  
  87  6:44  Overlord  
  87  6:46  Lurker Den  
  87  6:52  Overlord x3  
  87  6:57  Baneling Nest  
  87  7:00  Hydralisk x5  
  96  7:04  Overseer  
  96  7:05  Hydralisk x2  
  100  7:17  Drone x3  
  100  7:19  Drone x3  
  104  7:26  Drone x2  
  105  7:30  Hydralisk x2  
  105  7:31  Hydralisk x3  
  105  7:37  Overlord x3  
  115  7:49  Drone x2  
  115  7:50  Drone x4  
  121  7:52  Extractor  
  121  7:53  Extractor  
  119  8:18  Lurker x2  
  119  8:19  Lurker x6  
  127  8:20  Zergling x2  
  127  8:21  Zergling x20  
  138  8:29  Overlord  
  138  8:30  Drone x2, Zergling x6  
  138  8:31  Zergling x2  
  138  8:32  Zergling x2  
  145  8:34  Overseer  
  145  8:43  Hatchery, Zergling x12  
  150  8:52  Baneling x2  
  150  8:53  Baneling x13  
  150  8:54  Baneling  
  150  8:55  Baneling  
  150  8:58  Zergling x6  
  154  9:02  Zergling x2  
  154  9:03  Zergling x4  
  154  9:05  Hatchery  
  154  9:07  Zergling x4  
  150  9:23  Zergling x16  
  133  9:29  Zergling x4  
  129  9:31  Zergling x2  
  129  9:33  Baneling  
  129  9:34  Baneling x6  
  129  9:35  Zergling x8  
  134  9:39  Zerg Melee Weapons Level 1, Zerg Ground Armor Level 1  
  134  9:43  Roach Warren  
  131  9:47  Hydralisk x3  
  131  9:50  Zergling x2  
  136  9:56  Zergling x6  
  136  9:57  Hydralisk x2  
  122  10:01  Zergling x4  
  122  10:04  Zergling x4  
  106  10:16  Infestation Pit  
  106  10:19  Drone x7  
  112  10:24  Glial Reconstitution  
  112  10:26  Pneumatized Carapace  
  112  10:28  Roach x5  
  122  10:32  Roach x2  
  126  10:36  Roach x2  
  125  10:43  Roach x4  
  129  10:54  Lurker  
  129  10:55  Lurker x6  
  136  10:57  Drone x5  
  141  11:13  Spore Crawler  
  141  11:14  Spore Crawler  
  139  11:21  Spore Crawler  
  139  11:25  Spore Crawler  
  137  11:26  Drone x8  
  137  11:28  Spire  
  144  11:34  Lurker x2  
  144  11:35  Lurker x2  
  144  11:37  Zergling x14  
  144  11:38  Zergling x6  
  74  12:01  Hydralisk  
Show
View Real Time Build Order
Export as new Build Order

MCanning Protoss - Winner!

Build Orders: Nexus First, Phoenix Opening 

Get SALT Encoding   

  12  0:01  Probe (Chrono Boost)  
  13  0:11  Probe (Chrono Boost)  
  14  0:20  Pylon  
  14  0:22  Probe (Chrono Boost)  
  15  0:38  Probe (Chrono Boost)  
  16  0:49  Probe (Chrono Boost)  
  17  0:57  Nexus  
  17  1:08  Gateway  
  17  1:12  Probe (Chrono Boost)  
  18  1:21  Assimilator  
  18  1:22  Probe (Chrono Boost)  
  19  1:26  Assimilator  
  19  1:33  Probe (Chrono Boost)  
  20  1:43  Probe (Chrono Boost)  
  21  1:47  Gateway  
  22  1:54  Probe (Chrono Boost)  
  22  1:58  Cybernetics Core  
  22  2:04  Probe (Chrono Boost)  
  23  2:10  Probe (Chrono Boost)  
  23  2:15  Probe (Chrono Boost)  
  25  2:20  Probe (Chrono Boost)  
  25  2:21  Pylon  
  26  2:27  Zealot  
  26  2:29  Probe (Chrono Boost)  
  29  2:32  Probe (Chrono Boost)  
  30  2:39  Warp Gate  
  30  2:40  Mothership Core (Chrono Boost)  
  32  2:50  Stargate  
  32  2:52  Probe (Chrono Boost)  
  33  2:58  Probe (Chrono Boost)  
  33  3:02  Stalker (Chrono Boost)  
  33  3:03  Probe (Chrono Boost)  
  37  3:09  Probe (Chrono Boost)  
  38  3:12  Probe (Chrono Boost)  
  38  3:15  Pylon  
  38  3:20  Probe  
  38  3:22  Probe  
  38  3:23  Adept (Chrono Boost)  
  42  3:30  Adept (Chrono Boost)  
  42  3:32  Probe  
  42  3:33  Probe  
  45  3:35  Phoenix (Chrono Boost)  
  48  3:43  Probe  
  48  3:44  Probe  
  48  3:45  Pylon  
  50  3:57  Phoenix (Chrono Boost)  
  50  4:14  Probe  
  50  4:15  Probe  
  52  4:19  Phoenix (Chrono Boost)  
  52  4:21  Assimilator  
  54  4:25  Probe  
  54  4:26  Probe, Assimilator  
  56  4:35  Robotics Facility  
  56  4:36  Probe  
  56  4:38  Pylon, Probe  
  58  4:46  Probe  
  58  4:50  Probe  
  60  4:54  Nexus  
  60  4:56  Pylon  
  60  4:57  Probe  
  60  4:59  Pylon  
  61  5:02  Probe  
  61  5:05  Twilight Council  
  61  5:06  Forge  
  62  5:07  Probe  
  62  5:09  Phoenix (Chrono Boost)  
  62  5:11  Pylon  
  65  5:14  Probe, Sentry  
  65  5:19  Probe  
  69  5:23  Gateway  
  69  5:25  Observer (Chrono Boost)  
  69  5:26  Probe  
  71  5:31  Probe  
  72  5:38  Probe  
  73  5:43  Probe  
  73  5:44  Gateway  
  73  5:45  Protoss Ground Weapons Level 1 (Chrono Boost)  
  73  5:46  Photon Cannon  
  73  5:47  Photon Cannon  
  73  5:49  Photon Cannon  
  74  5:50  Probe  
  74  5:53  Observer (Chrono Boost)  
  74  5:55  Probe  
  77  5:57  Charge (Chrono Boost)  
  77  6:02  Probe  
  78  6:05  Pylon  
  78  6:06  Pylon  
  78  6:13  Immortal (Chrono Boost)  
  82  6:19  Photon Cannon, Adept  
  82  6:24  Adept x2  
  88  6:27  Probe  
  89  6:34  Gateway  
  89  6:36  Gateway  
  89  6:42  Zealot x2  
  89  6:43  Immortal (Chrono Boost)  
  89  6:45  Probe  
  94  6:48  Probe  
  94  6:51  Assimilator  
  99  6:54  Assimilator  
  99  6:56  Templar Archives  
  99  6:58  Probe  
  99  7:00  Probe  
  101  7:06  Gateway  
  101  7:07  Gateway  
  101  7:10  Probe  
  101  7:12  Pylon  
  101  7:13  Probe  
  103  7:17  Immortal  
  103  7:22  Probe  
  108  7:26  Probe  
  108  7:28  Protoss Ground Weapons Level 2 (Chrono Boost), Psionic Storm  
  109  7:36  Probe  
  110  7:37  Nexus  
  110  7:39  Pylon  
  110  7:40  High Templar x2  
  110  7:42  Pylon  
  114  7:51  High Templar  
  116  7:53  Probe  
  116  7:57  Pylon  
  117  7:59  Pylon  
  117  8:02  High Templar  
  118  8:08  Gateway  
  118  8:09  Gateway, Photon Cannon  
  118  8:11  Photon Cannon  
  118  8:13  Probe  
  118  8:14  Photon Cannon  
  118  8:15  Gateway  
  118  8:16  Immortal (Chrono Boost)  
  123  8:20  High Templar x2  
  127  8:38  Oracle  
  127  8:40  Zealot x5  
  138  8:48  Probe  
  139  8:52  Immortal (Chrono Boost)  
  143  8:56  Zealot x3  
  143  9:01  Probe  
  150  9:07  High Templar x2  
  154  9:10  Zealot x4  
  154  9:11  Zealot  
  154  9:12  Archon  
  163  9:24  Zealot x4  
  163  9:26  Observer (Chrono Boost)  
  152  9:35  Zealot x3  
  152  9:36  Zealot x2  
  162  9:41  Probe  
  162  9:44  Assimilator  
  162  9:45  Immortal (Chrono Boost)  
  167  9:49  Assimilator  
  165  9:54  Archon  
  165  9:59  Zealot  
  135  10:00  Zealot x5  
  135  10:02  Zealot  
  135  10:03  Zealot x3  
  135  10:18  Observer (Chrono Boost)  
  136  10:25  High Templar x3  
  136  10:27  High Templar x3  
  136  10:28  High Templar  
  150  10:31  Zealot x3  
  150  10:33  Gateway, Archon x2  
  150  10:35  Gateway  
  156  10:42  Immortal (Chrono Boost)  
  142  10:55  Mothership Core  
  142  10:58  Zealot  
  142  11:01  High Templar x2  
  142  11:02  Zealot x2  
  142  11:03  Zealot x5  
  162  11:06  Pylon  
  162  11:07  Archon  
  162  11:08  Pylon  
  162  11:09  Pylon  
  162  11:10  Oracle  
  165  11:11  Pylon  
  165  11:16  Immortal (Chrono Boost)  
  169  11:27  Zealot x6  
  169  11:28  Zealot x2  
  169  11:31  Zealot  
  187  11:37  High Templar x3  
  182  11:57  Archon  
  171  12:04  Zealot x5  
  171  12:05  Zealot x4  
Tags
 
Add a new tag
Caveats
  • Supply blocks, unpowered buildings, or Contaminate may cause inaccurate times.
  • Supply counts are checked every 10 seconds.